 Dungeon Crawl Stone Soup version 0.19-b1-3-g7dea586 (webtiles) character file.

98 Djon the Skirmisher (level 5, -4/43 HPs)
             Began as a Formicid Fighter on Oct 29, 2016.
             Slain by a goblin
             ... wielding a +0 dagger
             ... led by Robin
              (5 damage)
             ... on level 3 of the Dungeon.
             The game lasted 00:02:43 (1302 turns).

Djon the Skirmisher (Formicid Fighter)              Turns: 1302, Time: 00:02:43

Health: -4/43      AC:  6    Str: 21 (22) XL:     5   Next: 1%
Magic:  5/5        EV:  7    Int:  6 (7)  God:
Gold:   105        SH:  9    Dex:  8 (10) Spells: 0 memorised, 4 levels left

rFire  . . .     SeeInvis +     a - +0 quarterstaff
rCold  . . .     Gourm    .     b - +0 scale mail
rNeg   . . .     Faith    .     c - +0 shield
rPois  .         Spirit   .     (helmet unavailable)
rElec  .         Reflect  .     (no cloak)
rCorr  .         Harm     .     (no gloves)
MR     .....                    (no boots)
Stlth  ..........               (no amulet)
                                (no ring)
                                (no ring)

@: no status effects
A: permanent stasis, dig shafts and tunnels, four strong arms, antennae 3
a: Dig, Shaft Self


You were on level 3 of the Dungeon.
You were not hungry.

You visited 1 branch of the dungeon, and saw 3 of its levels.

You collected 105 gold pieces.

Inventory:

Hand Weapons
 a - a +0 quarterstaff (weapon)
Armour
 b - a +0 scale mail (worn)
 c - a +0 shield (worn)
Scrolls
 e - a scroll of fear {unknown}
 g - 3 scrolls of remove curse
 j - a scroll of teleportation {unknown}
 k - 3 scrolls of identify {unknown}
 n - a scroll of enchant armour {unknown}
 o - a scroll of amnesia {unknown}
 v - a scroll of enchant weapon {unknown}
Potions
 d - 3 potions of might
 r - a potion of agility {unknown}
 s - a potion of resistance {unknown}
 t - 2 potions of curing {unknown}
 u - a potion of lignification {unknown}
Comestibles
 f - 3 bread rations
 i - 2 slices of pizza
 m - a chunk of flesh


   Skills:
 + Level 4.4 Fighting
 * Level 3.9 Staves
 - Level 3.2 Armour
 - Level 3.6 Shields


You had 4 spell levels left.
You didn't know any spells.

Dungeon Overview and Level Annotations

Branches:
Dungeon (3/15)

Altars:

Annotations:
D:3 Robin


Innate Abilities, Weirdness & Mutations

You are under a permanent stasis effect.
You can dig through walls and to a lower floor.
Your four strong arms can wield two-handed weapons with a shield.
You have a pair of large antennae on your head. (SInv)


Message History

The goblin hits you but does no damage. The goblin barely misses you.
The hobgoblin hits you but does no damage.
The goblin hits you but does no damage. The goblin barely misses you.
The goblin hits you but does no damage. The leopard gecko barely misses you.
It was a potion of cancellation.
Your magical effects are unravelling.
You feel magically purged.
Your magical contamination has completely faded away.
You flicker back into view.
The goblin no longer looks unusually strong.
The goblin hits you.
* * * LOW HITPOINT WARNING * * *
You block the goblin's attack.
Robin roars a battlecry!
The goblins go into a battle-frenzy!
The goblin barely misses you. You block the goblin's attack.
The hobgoblin hits you but does no damage.
The leopard gecko bites you but does no damage.
The goblin hits you with a dagger.
You die...

##......... #..........
##.........% ######
.......(... .....#
#.......... .....####
####..g....... .........
#....lgg......
.....######....g@gg.....
>..............ggg......
.....#.......)..........
.....#####...<.........#
.....#.<...##.#.###.#.##
.......######.#.)......#
..#..)...........## ##.#
..###............#
....................


You could see Robin, a leopard gecko, a hobgoblin and 7 goblins.

Vanquished Creatures
  2 adders
  2 worms (D:2)
  2 dart slugs (D:1)
  A leopard gecko (D:2)
  3 bats
  9 giant cockroaches
  8 goblins
  7 hobgoblins
  8 jackals
  10 kobolds
  2 quokkas (D:2)
  3 ball pythons (D:1)
  3 frilled lizards
  3 rats
63 creatures vanquished.

Notes
Turn   | Place    | Note
-------+----------+-------------------------------------------
     0 | D:1      | Djon the Formicid Fighter began the quest for the Orb.
     0 | D:1      | Reached XP level 1. HP: 18/18 MP: 1/1
   118 | D:1      | Reached XP level 2. HP: 21/24 MP: 2/2
   227 | D:1      | Reached XP level 3. HP: 22/30 MP: 3/3
   352 | D:1      | Reached skill level 4 in Fighting
   735 | D:2      | Reached XP level 4. HP: 36/37 MP: 4/4
  1287 | D:3      | Noticed Robin
  1295 | D:3      | Reached XP level 5. HP: 36/43 MP: 5/5
  1299 | D:3      | HP: 2/43 [goblin/dagger[Robin] (4)]
  1302 | D:3      | Slain by a goblin

Skill      XL: |  1  2  3 |
---------------+----------+-----
Fighting       | 4 |  4.4
Staves         | 3 |  3.9
Armour         | |  3.2
Shields        | |  3.6

Action                   |  1- 3 |  4- 6 || total
-------------------------+-------+-------++-------
Melee: Quarterstaff      |    99 |    73 ||   172
  Use: Scroll            |     2 |       ||     2
       Potion            |       |     4 ||     4
  Eat: Chunk             |       |     2 ||     2
Armor: Scale mail        |    40 |    35 ||    75
Dodge: Dodged            |    27 |    38 ||    65
Block: Shield            |    63 |    53 ||   116
